 Dungeon Crawl Stone Soup version 0.28.0-45-g0d030f2227 (webtiles) character file.

Game seed: 8033607249704516753

150 pkoi the Gusty (level 4, -1/33 HPs)
             Began as a Demigod Air Elementalist on Apr 4, 2022.
             Slain by Grinder (4 damage)
             ... while paralysed by Grinder
             ... on level 3 of the Dungeon.
             The game lasted 00:03:58 (3075 turns).

pkoi the Gusty (Demigod Air Elementalist)           Turns: 3075, Time: 00:03:58

Health: -1/33      AC:  2    Str:  9    XL:     4   Next: 84%
Magic:  5/9        EV:  2    Int: 21    God:
Gold:   119        SH:  0    Dex: 14    Spells: 3/7 levels left

rFire   . . .      SeeInvis .   i - +2 dagger (venom)
rCold   . . .      Faith    .   (no shield)
rNeg    . . .      Spirit   .   a - +0 robe
rPois   +          Reflect  .   (no helmet)
rElec   .          Harm     .   (no cloak)
rCorr   .          Rampage  .   (no gloves)
Will    .....                   (no boots)
Stlth   ++........              (no amulet)
HPRegen 0.11/turn               h - ring of poison resistance
MPRegen 0.11/turn               (no ring)

@: paralysed
A: high MP 1, forlorn, divine attributes
a: no special abilities


You were on level 3 of the Dungeon.
You visited 1 branch of the dungeon, and saw 3 of its levels.

You collected 119 gold pieces.

Inventory:

Hand Weapons
 b - a +0 dagger
 d - a +0 whip
 i - a +2 dagger of venom (weapon)
Armour
 a - a +0 robe (worn)
Jewellery
 h - a ring of poison resistance (left hand)
Scrolls
 e - a scroll of identify {unknown}
 g - a scroll of teleportation {unknown}
 j - a scroll of brand weapon {unknown}
Potions
 c - 4 potions of lignification {unknown}
 f - 2 potions of heal wounds {unknown}
 k - 2 potions of berserk rage {unknown}


   Skills:
 - Level 1.7 Dodging
 - Level 1.7 Stealth
 + Level 2.0 Spellcasting
 - Level 0.8 Conjurations
 * Level 5.2 Air Magic


You had 3 spell levels left.
You knew the following spells:

 Your Spells              Type           Power      Damage    Failure   Level
a - Shock                 Conj/Air       56%        1d6       4%          1
b - Swiftness             Air            24%        N/A       4%          3

Your spell library contained the following spells:

 Spells                   Type           Power      Damage    Failure   Level
 Static Discharge         Conj/Air       14%        N/A       6%          2
 Airstrike                Air            12%        N/A       17%         4


Dungeon Overview and Level Annotations

Branches:
Dungeon (3/15)

Annotations:
D:3 Grinder


Innate Abilities, Weirdness & Mutations

You have an increased reservoir of magic. (+10% MP)
You shall have no god before yourself.
Your divine heritage dramatically boosts your attributes as you level up.


Message History

You now have 109 gold pieces (gained 13).
You now have 119 gold pieces (gained 10).
You hear the rusting of a distant drain.
Grinder comes into view.
Grinder blinks!
Grinder is nearby!
Grinder is nearby!
Aiming: Shock (safe; 4% risk of failure)
Press: ? - help, Q - select action, (/) - cycle Shift-Dir - straight line The zap misses Grinder.
Grinder misses you.
Unknown command.
Aiming: Shock (safe; 4% risk of failure)
Press: ? - help, Q - select action, (/) - cycle Shift-Dir - straight line The zap hits Grinder.
Grinder is lightly wounded.
Grinder hits you!
* * * LOW HITPOINT WARNING * * *
You writhe in agony.
* * * LOW HITPOINT WARNING * * *
Aiming: Shock (safe; 4% risk of failure)
Press: ? - help, Q - select action, (/) - cycle Shift-Dir - straight line The zap hits Grinder.
Grinder is lightly wounded.
Grinder gestures at you. You resist with significant effort.
Aiming: Shock (safe; 4% risk of failure)
Press: ? - help, Q - select action, (/) - cycle Shift-Dir - straight line The zap hits Grinder.
Grinder is moderately wounded.
Grinder gestures at you.
You suddenly lose the ability to move!
Grinder hits you!
* * * LOW HITPOINT WARNING * * *
You writhe in agony.
* * * LOW HITPOINT WARNING * * *
Grinder hits you!
* * * LOW HITPOINT WARNING * * *
You writhe in agony.
You die...

.# .# .#
##.### #....
#..# ##..#
####5..#####.
#....@.......
#.##.#.#####.
#.##.#.#
#.##.#..
#.##.####
#.##.###
#......#
####.#.#
##.#..#


You could see Grinder.

Vanquished Creatures
  A hound (D:3)
  Jessica (D:2)
  Robin (D:2)
  3 adders (D:2)
  A dart slug (D:1)
  5 bats
  4 endoplasms (D:1)
  A giant cockroach (D:1)
  14 goblins
  6 hobgoblins
  4 kobolds
  4 quokkas
  2 frilled lizards (D:1)
  7 rats
54 creatures vanquished.

Notes
Turn   | Place    | Note
-------+----------+-------------------------------------------
     0 | D:1      | pkoi the Demigod Air Elementalist began the quest for the
                  | Orb.
     0 | D:1      | Reached XP level 1. HP: 14/14 MP: 5/5
    50 | D:1      | Reached skill level 3 in Air Magic
   260 | D:1      | Reached XP level 2. HP: 20/20 MP: 0/7
  1398 | D:2      | Reached XP level 3. HP: 26/26 MP: 3/8
  1457 | D:2      | Reached skill level 4 in Air Magic
  1906 | D:2      | Noticed Robin
  1935 | D:2      | Killed Robin
  1936 | D:2      | Reached XP level 4. HP: 33/33 MP: 2/9
  2415 | D:2      | Noticed Jessica
  2420 | D:2      | Killed Jessica
  2421 | D:2      | Reached skill level 5 in Air Magic
  2466 | D:2      | Learned a level 3 spell: Swiftness
  3067 | D:3      | Noticed Grinder
  3073 | D:3      | Paralysed by Grinder for 6 turns
  3075 | D:3      | Slain by Grinder

Illustrated notes

Levels and vault maps discovered:
D:1:      nicolae_arrival_washed_ashore, layout_basic,
          hellmonk_ecumenical_altar_heavens_door, nrook_campfire
D:2:      layout_basic, uniq_jessica, uniq_robin
D:3:      layout_loops_ring, kb_xom_exploding_sheep,
          cheibrodos_sewer_entry_bend, guppyfry_early_orc_mine, uniq_grinder,
          uniq_terence

Skill      XL: |  1  2  3  4 |
---------------+-------------+-----
Air Magic      | 3 4 5 |  5.2
Spellcasting   | 2 |  2.0
Dodging        | |  1.7
Stealth        | |  1.7
Conjurations   | |  0.8

Action                   |  1- 3 |  4- 6 || total
-------------------------+-------+-------++-------
Melee: Unarmed           |     1 |       ||     1
       Dagger            |    21 |     2 ||    23
 Cast: Shock             |    83 |    43 ||   126
  Use: Potion            |     1 |       ||     1
Armor: Robe              |    10 |       ||    10
Dodge: Dodged            |    38 |     3 ||    41
